 Dungeon Crawl Stone Soup version 0.25.1-2-g60ff931df9 (webtiles) character file.

Game seed: 14750987182367401288

2356 BledDest the Transmogrifier (level 9, -2/63 HPs)
             Began as a Demigod Transmuter on Aug 4, 2020.
             Slain by a hog (13 damage)
             ... on level 7 of the Dungeon.
             The game lasted 00:14:56 (8659 turns).

BledDest the Transmogrifier (Demigod Transmuter)    Turns: 8659, Time: 00:14:56

Health: -2/63      AC:  2    Str: 13    XL:     9   Next: 1%
Magic:  11/14      EV: 20    Int: 21    God:
Gold:   406        SH:  5    Dex: 29    Spells: 7/11 levels left

rFire    . . .     SeeInvis .     - Unarmed
rCold    . . .     Gourm    .   (shield currently unavailable)
rNeg     + . .     Faith    .   (armour currently unavailable)
rPois    x         Spirit   .   (helmet currently unavailable)
rElec    .         Reflect  +   (cloak currently unavailable)
rCorr    .         Harm     .   (gloves currently unavailable)
MR       .....                  (boots currently unavailable)
Stlth    ++........             g - amulet of reflection
HPRegen  0.20/turn              h - ring of positive energy
MPRegen  0.14/turn              A - +6 ring of dexterity

@: spider-form
A: tiny, high mp 1
a: End Transformation


You were on level 7 of the Dungeon.
You were very hungry.
You were a venomous arachnid creature.
You visited 2 branches of the dungeon, and saw 8 of its levels.

You collected 406 gold pieces.

Inventory:

Hand Weapons
 c - a +0 shortbow
Missiles
 a - 160 arrows
 f - 150 stones (quivered)
 l - 58 poisoned darts
Armour
 b - a +1 robe (melded)
 k - a +2 hat (melded)
 w - a +0 cloak (melded)
Jewellery
 g - an amulet of reflection (around neck)
 h - a ring of positive energy (left front leg)
 A - a +6 ring of dexterity (right front leg)
 B - an uncursed ring of flight {unknown}
Wands
 m - a wand of paralysis (11)
 s - a wand of flame (16)
Scrolls
 j - 3 scrolls of remove curse {unknown}
 n - a scroll of teleportation
 o - a scroll of immolation {unknown}
 r - a scroll of magic mapping
 v - a scroll of blinking {unknown}
 x - a scroll of summoning {unknown}
 y - 3 scrolls of identify
 z - a scroll of enchant weapon {unknown}
Potions
 e - 2 potions of flight
 i - a potion of ambrosia
 p - 2 potions of curing
 q - 3 potions of lignification
 t - 2 potions of magic {unknown}
 u - a potion of stabbing {unknown}
 C - 2 potions of haste {unknown}
Comestibles
 d - 7 rations


   Skills:
 - Level 0.8 Fighting
 - Level 1.7 Dodging
 - Level 8.0 Unarmed Combat
 - Level 1.7 Spellcasting
 + Level 8.8 Transmutations


You had 7 spell levels left.
You knew the following spells:

 Your Spells              Type           Power        Failure   Level  Hunger
a - Beastly Appendage     Tmut           #####.       3%          1    #......
b - Spider Form           Tmut/Pois      ###.......   21%         3    ###....

Your spell library contained the following spells:

 Spells                   Type           Power        Failure   Level  Hunger
 Sticks to Snakes         Tmut           #####...     4%          2    ###....
 Blade Hands              Tmut           #####.....   28%         5    ######.
 Ice Form                 Ice/Tmut       ###.....     45%         4    #####..
 Yara's Violent Unravell  Hex/Tmut       ###.......   77%         5    ######.
 Cause Fear               Hex            #.........   94%         4    #####..
 Silence                  Hex/Air        #.........   99%         5    ######.
 Discord                  Hex            #.........   100%        8    #######


Dungeon Overview and Level Annotations

Branches:
Dungeon (7/15)             Temple (1/1) D:5

Annotations:
D:6 3 runed translucent doors, H0rd4k's ghost, novice OpTm


Innate Abilities, Weirdness & Mutations

You have an increased reservoir of magic. (+10% MP)


Message History

You turn into a venomous arachnid creature.
Your +0 cloak melds into your body.
Your +2 hat melds into your body.
Your +1 robe melds into your body.
The hog misses you. The hog bites you.
You hit the hog.
The hog looks as sick as possible!
The hog is almost dead.
The hog bites you.
* * * LOW HITPOINT WARNING * * *
The hog misses you. You block the hog's attack.
You hit the hog but do no damage.
The hog is poisoned.
The hog completely misses you. The hog bites you but does no damage.
You bite the hog!
The hog looks as sick as possible!
The hog is moderately wounded.
The hog bites you!
* * * LOW HITPOINT WARNING * * *
The hog misses you.
You hit the hog but do no damage.
The hog is moderately wounded.
The hog misses you. The hog bites you!
You die...

.....##.###....#####........
.###.#..# #.#..##.........##
#...###.#......#.....##
#.#.....##.##..#...#....
####...#....#....##.### ...
#.....#..).####..#..## ..
#....p##...####......# .
#...#'#####.##h......####
.....#h.#..#.†.hs#.......#
..#. #h.#..#.##....##.......
# #..'..#.##.....#.......
#%.#..#.###.....##.....
#%%#..#..#......# #....
#######.......### #...
........# #.. ......###
.##...


You could see 2 hogs.

Vanquished Creatures
  Grinder (D:6)
  Sigmund (D:5)
  2 hogs (D:7)
  A human (D:7)
  Edmund (D:3)
  A hungry ghost (D:7)
  Duvessa (D:6)
  2 ice beasts
  An ogre (D:6)
  2 centaurs
  A bullfrog (D:6)
  A gnoll sergeant (Temple)
  Dowan (D:6)
  A scorpion (D:6)
  A howler monkey (D:4)
  3 crimson imps
  A bullfrog skeleton (D:4)
  2 hounds
  An orc priest (D:4)
  Crazy Yiuf (D:6)
  An iguana (D:3)
  A worker ant (D:6)
  A hound skeleton (D:5)
  2 worker ant zombies
  4 gnolls
  6 adders
  A shadow imp (D:6)
  3 oozes
  An adder skeleton (D:6)
  2 worms
  2 dart slugs (D:1)
  8 leopard geckos
  6 orcs
  4 bats
  4 giant cockroaches
  10 hobgoblins
  4 jackals (D:1)
  8 kobolds
  2 quokkas (D:2)
  2 ball pythons
  6 frilled lizards
  A giant cockroach zombie (D:5)
  5 goblins
  A jackal skeleton (D:6)
  A leopard gecko zombie (D:6)
  8 rats
120 creatures vanquished.

Vanquished Creatures (others)
  3 toadstools (D:3)
3 creatures vanquished.

Grand Total: 123 creatures vanquished

Notes
Turn   | Place    | Note
-------+----------+-------------------------------------------
     0 | D:1      | BledDest the Demigod Transmuter began the quest for the
                  | Orb.
     0 | D:1      | Reached XP level 1. HP: 15/15 MP: 5/5
   334 | D:1      | Reached XP level 2. HP: 17/22 MP: 5/7
  1629 | D:2      | Reached XP level 3. HP: 24/27 MP: 8/8
  1641 | D:2      | Learned a level 3 spell: Spider Form
  1740 | D:2      | Found an ornate altar of the Wu Jian Council.
  1740 | D:2      | Found a bloodstained altar of Trog.
  1740 | D:2      | Found a sparkling altar of Nemelex Xobeh.
  1741 | D:2      | Found a shimmering blue altar of Sif Muna.
  2653 | D:3      | Reached skill level 5 in Unarmed Combat
  2653 | D:3      | Reached XP level 4. HP: 6/34 MP: 9/9
  3788 | D:3      | Reached XP level 5. HP: 39/39 MP: 8/10
  4153 | D:4      | Noticed Edmund
  4188 | D:3      | Killed Edmund
  4188 | D:3      | Reached XP level 6. HP: 20/46 MP: 11/11
  4976 | D:5      | Entered Level 5 of the Dungeon
  4979 | D:5      | Noticed Sigmund
  5001 | D:5      | Killed Sigmund
  5195 | D:5      | Reached XP level 7. HP: 30/51 MP: 10/12
  5424 | D:5      | Found a staircase to the Ecumenical Temple.
  5498 | D:5      | Found a shimmering blue altar of Sif Muna.
  5633 | D:5      | Found a sacrificial altar of Ru.
  5729 | Temple   | Entered the Ecumenical Temple
  6371 | D:5      | Found a snail-covered altar of Cheibriados.
  7287 | D:6      | Reached skill level 5 in Transmutations
  7298 | D:6      | Found a runed translucent gate.
  7299 | D:6      | Found a runed translucent gate.
  7299 | D:6      | Noticed H0rd4k's ghost (novice OpTm)
  7303 | D:6      | Found a runed translucent gate.
  7320 | D:6      | Reached XP level 8. HP: 35/58 MP: 9/13
  7660 | D:6      | Found an ancient bone altar of Kikubaaqudgha.
  7701 | D:6      | Noticed Grinder
  7710 | D:6      | Paralysed by Grinder for 2 turns
  7736 | D:6      | Killed Grinder
  7904 | D:6      | Found a runed translucent door.
  7905 | D:6      | Noticed Crazy Yiuf
  7960 | D:6      | Noticed Duvessa
  7960 | D:6      | Noticed Dowan
  7979 | D:6      | Killed Duvessa
  7979 | D:6      | Killed Dowan
  8318 | D:6      | Killed Crazy Yiuf
  8648 | D:7      | Reached XP level 9. HP: 29/63 MP: 14/14
  8659 | D:7      | Slain by a hog

Illustrated notes

Levels and vault maps discovered:
D:1:      lightli_iron_boxes, layout_basic
D:2:      layout_basic, chequers_temple_overflow_statue_of_worship
D:3:      layout_basic, minmay_gold_behind_fungi
D:4:      layout_basic, uniq_edmund
D:5:      layout_basic, nicolae_ru_the_path_less_chosen,
          lemuel_coloured_pillars_altar, minmay_temple_entry_large_hall,
          basic_altar, first_ration, uniq_sigmund
D:6:      wad_pebble_path, layout_basic, old_standard_altar,
          gammafunk_ghost_split, uniq_crazy_yiuf_cottage, uniq_grinder,
          uniq_duvessa
D:7:      layout_cave_pools, nicolae_tso_carved_into_rock, grunt_livestock
Temple:   corrupted_temple

Skill      XL: |  1  2  3  4  5  6  7  8 |
---------------+-------------------------+-----
Unarmed Combat | 3 5 6 7 8 |  8.0
Transmutations | 5 8 |  8.8
Fighting       | |  0.8
Dodging        | |  1.7
Spellcasting   | |  1.7

Action                   |  1- 3 |  4- 6 |  7- 9 || total
-------------------------+-------+-------+-------++-------
Melee: Unarmed           |   178 |   118 |   223 ||   519
       Headbutt          |    10 |     5 |     1 ||    16
       Punch             |     4 |     3 |     4 ||    11
       Kick              |     1 |       |     5 ||     6
 Cast: Beastly Appendage |     7 |     3 |     3 ||    13
       Spider Form       |     2 |     5 |    11 ||    18
  Use: Potion            |     1 |       |     1 ||     2
       Scroll            |       |     6 |     1 ||     7
 Stab: Sleeping          |     4 |     1 |     4 ||     9
  Eat: Chunk             |     6 |     8 |     8 ||    22
       Ration            |       |       |     2 ||     2
Armor: Robe              |    21 |    16 |    28 ||    65
       Skin              |     4 |     1 |     4 ||     9
Dodge: Dodged            |   104 |    50 |   111 ||   265
Block: Other             |    11 |    15 |    36 ||    62
